 Dungeon Crawl Stone Soup version 0.27-a0-328-g7f782ed93a (console) character file.

Game seed: 17907647020120906469

7278 jejorda2 the Martial Artist (level 11, -8/148 HPs)
             Began as a Gnoll Transmuter on Feb 12, 2021.
             Was a Follower of Ashenzari.
             Mangled by a six-headed hydra (9 damage)
             ... on level 1 of the Lair of Beasts.
             The game lasted 00:34:58 (13515 turns).

jejorda2 the Martial Artist (Gnoll Transmuter)     Turns: 13515, Time: 00:34:58

Health: -8/148     AC: 10    Str: 11    XL:     11   Next: 12%
Magic:  14/20      EV: 14    Int: 15    God:    Ashenzari [*.....]
Gold:   889        SH:  0    Dex: 14    Spells: 10/25 levels left

rFire    + . .     SeeInvis .     - Unarmed
rCold    + + +     Faith    .   (shield currently unavailable)
rNeg     + . .     Spirit   .   (armour currently unavailable)
rPois    +         Reflect  .   (helmet currently unavailable)
rElec    +         Harm     .   (cloak currently unavailable)
rCorr    .         Rampage  .   (gloves currently unavailable)
Will     .....     Clarity  +   (boots currently unavailable)
Stlth    ..........             (no amulet)
HPRegen  0.34/turn              z - +4 ring of protection (curse)
MPRegen  0.17/turn              y - ring of Spontaneous Combustion {rElec rF++ rN+ Str+2} (curse)

@: berserking, lethally poisoned (-8 -> -10), ice-form, very quick
A: large, distributed training, blink, clarity, low mp 1, strong nose
a: End Transformation, Blink, Renounce Religion, Curse Item, Scrying


You were on level 1 of the Lair of Beasts.
You worshipped Ashenzari.
Ashenzari was aware of your devotion.
You were a creature of crystalline ice.
You visited 3 branches of the dungeon, and saw 12 of its levels.
You also visited: Ossuary.

You collected 1089 gold pieces.
You spent 200 gold pieces at shops.

Inventory:

Hand Weapons
 a - a +1 flail
Missiles
 e - 381 stones (quivered)
 r - 58 poisoned darts
 u - 2 throwing nets
 x - 32 boomerangs
Armour
 b - a cursed +0 pair of gloves (melded)
 j - a cursed +0 buckler (melded)
 E - the cursed +1 leather armour of Hide-and-Seek (melded) {Str+4 Dex+2}
   (You found it on level 8 of the Dungeon)

   It affects your strength (+4).
   It affects your dexterity (+2).
   It has a curse placed upon it.
Jewellery
 y - the cursed ring of Spontaneous Combustion (right front paw) {rElec rF++ rN+ Str+2}
   (You found it on level 4 of the Dungeon)

   [ring of positive energy (curse)]

   It affects your strength (+2).
   It greatly protects you from fire.
   It insulates you from electricity.
   It protects you from negative energy.
   It has a curse placed upon it.
 z - a cursed +4 ring of protection (left front paw)
Wands
 f - a wand of flame (39)
 n - a wand of random effects (39)
 s - a wand of polymorph (6)
 t - a wand of acid (3)
Scrolls
 c - a scroll of enchant armour
 d - 2 scrolls of amnesia
 g - 3 scrolls of enchant weapon
 k - 4 scrolls of blinking
 l - a scroll of magic mapping
 m - 9 scrolls of teleportation
 w - a scroll of silence
 D - 3 scrolls of identify
 F - a scroll of fear
Potions
 h - a potion of attraction
 i - 2 potions of haste
 o - 3 potions of curing
 p - a potion of cancellation
 q - 3 potions of mutation
 v - 3 potions of brilliance
 A - 2 potions of might
 B - 2 potions of lignification
 G - a potion of invisibility
 H - a potion of flight


   Skills:
 + Level 6.6 Fighting
 + Level 6.0 Short Blades
 + Level 6.0 Long Blades
 + Level 6.0 Axes
 + Level 6.0 Maces & Flails
 + Level 6.0 Polearms
 + Level 6.0 Staves
 + Level 6.0 Slings
 + Level 6.0 Bows
 + Level 6.0 Crossbows
 + Level 6.0 Throwing
 + Level 6.0 Armour
 + Level 7.6 Dodging
 + Level 6.0 Stealth
 + Level 6.0 Shields
 + Level 9.0 Unarmed Combat
 + Level 7.9 Spellcasting
 + Level 4.9 Conjurations
 + Level 4.9 Hexes
 + Level 4.9 Summonings
 + Level 4.9 Necromancy
 + Level 4.9 Translocations
 + Level 6.3 Transmutations
 + Level 4.9 Fire Magic
 + Level 4.9 Ice Magic
 + Level 4.9 Air Magic
 + Level 4.9 Earth Magic
 + Level 4.9 Poison Magic
 + Level 6.5 Invocations
 + Level 6.0 Evocations


You had 10 spell levels left.
You knew the following spells:

 Your Spells              Type           Power        Failure   Level
a - Blade Hands           Tmut           12%          24%         5
b - Spider Form           Tmut/Pois      11%          3%          3
c - Ice Form              Ice/Tmut       22%          12%         4
d - Mephitic Cloud        Conj/Pois/Air  20%          4%          3

Your spell library contained the following spells:

 Spells                   Type           Power        Failure   Level
 Beastly Appendage        Tmut           50%          1%          1
 Corona                   Hex            22%          1%          1
 Magic Dart               Conj           80%          1%          1
 Wereblood                Tmut           25%          1%          2
 Blink                    Tloc           N/A          2%          2
 Call Imp                 Summ           20%          2%          2
 Ensorcelled Hibernation  Hex/Ice        40%          2%          2
 Slow                     Hex            20%          2%          2
 Confusing Touch          Hex            20%          4%          3
 Conjure Flame            Conj/Fire      20%          4%          3
 Dazzling Flash           Conj/Hex       40%          4%          3
 Inner Flame              Hex/Fire       20%          4%          3
 Portal Projectile        Hex/Tloc       40%          4%          3
 Tukima's Dance           Hex            20%          4%          3
 Cause Fear               Hex            10%          16%         4
 Leda's Liquefaction      Hex/Erth       10%          16%         4


Dungeon Overview and Level Annotations

Branches:
Dungeon (10/15)            Temple (1/1) D:6            Lair (1/6) D:9
Ossuary (visited)
    Orc: D:9-12

Altars:
Ashenzari
Cheibriados
Dithmenos
Elyvilon
Fedhas
Gozag
Hepliaklqana
Kikubaaqudgha
Makhleb
Nemelex Xobeh
Okawaru
Qazlal
Ru
Sif Muna
Trog
Uskayaw
Vehumet
Wu Jian
Xom
Yredelemnul
Zin
The Shining One

Shops:
D:5 (   D:8 :


Innate Abilities, Weirdness & Mutations

Your experience applies equally to all skills.
((You have very sharp teeth.))
Your uncanny sense of smell can sniff out nearby items.
((You have a pair of small horns on your head.))
You can translocate small distances at will.
You possess an exceptional clarity of mind.
Your magical capacity is low. (-10% MP)


Message History

The six-headed hydra is splashed with acid.
The acid corrodes the six-headed hydra!
The six-headed hydra is heavily wounded.
The bolt of acid hits the wyvern!!
The wyvern is splashed with acid.
The acid corrodes the wyvern!
The wyvern is almost dead.
You feel sick.
The six-headed hydra closely misses you.
The six-headed hydra bites you!
* * * LOW HITPOINT WARNING * * *
The six-headed hydra closely misses you.
The six-headed hydra bites you but does no damage.
The six-headed hydra bites you.
* * * LOW HITPOINT WARNING * * *
The six-headed hydra closely misses you.
Aiming: Corrosive Bolt
Press: ? - help, Shift-Dir - straight line, f/p - wyvern
Aim: a wyvern (almost dead, covered in acid, 26% to evade)
The bolt of acid hits the six-headed hydra!
The six-headed hydra is splashed with acid!
The six-headed hydra is severely wounded.
The bolt of acid hits the wyvern!
The wyvern is splashed with acid.
The wyvern seems to be corroded for longer.
You kill the wyvern!
You feel sick.
The six-headed hydra bites you but does no damage.
The six-headed hydra bites you.
* * * LOW HITPOINT WARNING * * *
The six-headed hydra bites you but does no damage. x2
The six-headed hydra misses you. The six-headed hydra bites you.
* * * LOW HITPOINT WARNING * * *
A red film seems to cover your vision as you go berserk!
You feel yourself moving faster!
You feel mighty! The six-headed hydra bites you.
* * * LOW HITPOINT WARNING * * *
The six-headed hydra bites you.
* * * LOW HITPOINT WARNING * * *
The six-headed hydra barely misses you. The six-headed hydra misses you.
The six-headed hydra bites you!
You die...

≈.;..≈;.≈....
............##
.............
...........## #
............## ## #.#
.............##.##...
............†#P.....#
.......<....FD..#
............##Y##
......!...######
.#......### ......P##
......# #P.#P. #####.


You could see a six-headed hydra (corroded) and a cane toad.

Vanquished Creatures
  A two-headed ogre (D:10)
  An unseen horror (D:10)
  An ugly thing (D:10)
  A cane toad (Lair:1)
  A troll (D:7)
  Sigmund (D:3)
  A wyvern (Lair:1)
  Duvessa (D:7)
  A water moccasin (D:10)
  2 ice beasts (D:8)
  7 sky beasts
  3 orc warriors
  A black bear (D:7)
  6 ogres
  4 centaurs
  3 phantoms
  2 elf zombies (Ossuary)
  Blork the orc (D:5)
  3 bullfrogs
  Dowan (D:7)
  A wyvern skeleton (D:7)
  4 scorpions
  3 howler monkeys
  2 centaur zombies
  A quasit (D:10)
  A bullfrog zombie (D:10)
  2 hounds
  9 jellies
  4 bullfrog skeletons
  2 human zombies (Ossuary)
  4 orc priests
  A centaur skeleton (D:7)
  Jessica (D:2)
  7 worker ants
  10 orc wizards
  A hound zombie (D:5)
  2 mummies (Ossuary)
  Robin (D:2)
  8 adders
  8 gnolls
  4 shadow imps
  5 white imps
  2 ufetubi
  3 oozes
  An adder skeleton (D:8)
  3 worms
  3 dart slugs
  4 leopard geckos
  30 orcs
  10 bats
  21 giant cockroaches
  3 gnoll zombies (Ossuary)
  13 goblins
  7 hobgoblins
  16 jackals
  4 quokkas
  A ball python (D:4)
  8 frilled lizards
  A giant cockroach zombie (D:5)
  4 goblin zombies (Ossuary)
  2 hobgoblin zombies (Ossuary)
  15 kobolds
  A leopard gecko skeleton (D:4)
  A leopard gecko zombie (D:7)
  An orc zombie (Ossuary)
  2 quokka skeletons
  5 rats
284 creatures vanquished.

Notes
Turn   | Place    | Note
-------+----------+-------------------------------------------
     0 | D:1      | jejorda2 the Gnoll Transmuter began the quest for the Orb.
     0 | D:1      | Reached XP level 1. HP: 17/17 MP: 6/6
   141 | D:1      | Reached XP level 2. HP: 13/23 MP: 7/7
   421 | D:1      | Reached XP level 3. HP: 28/28 MP: 7/9
   422 | D:1      | Reached skill level 5 in Spellcasting
   730 | D:2      | Reached skill level 1 in Invocations
   764 | D:2      | Learned a level 3 spell: Spider Form
   808 | D:2      | Reached skill level 1 in Short Blades
   808 | D:2      | Reached skill level 1 in Long Blades
   808 | D:2      | Reached skill level 1 in Axes
   808 | D:2      | Reached skill level 1 in Maces & Flails
   808 | D:2      | Reached skill level 1 in Polearms
   808 | D:2      | Reached skill level 1 in Staves
   808 | D:2      | Reached skill level 1 in Slings
   808 | D:2      | Reached skill level 1 in Bows
   808 | D:2      | Reached skill level 1 in Crossbows
   808 | D:2      | Reached skill level 1 in Throwing
   808 | D:2      | Reached skill level 1 in Armour
   808 | D:2      | Reached skill level 1 in Stealth
   808 | D:2      | Reached skill level 1 in Shields
   808 | D:2      | Reached skill level 1 in Evocations
   909 | D:2      | Noticed Jessica
   911 | D:2      | Reached XP level 4. HP: 34/34 MP: 11/11
   915 | D:2      | Killed Jessica
   963 | D:2      | Reached skill level 1 in Conjurations
   963 | D:2      | Reached skill level 1 in Hexes
   963 | D:2      | Reached skill level 1 in Summonings
   963 | D:2      | Reached skill level 1 in Necromancy
   963 | D:2      | Reached skill level 1 in Translocations
   963 | D:2      | Reached skill level 1 in Fire Magic
   963 | D:2      | Reached skill level 1 in Ice Magic
   963 | D:2      | Reached skill level 1 in Air Magic
   963 | D:2      | Reached skill level 1 in Earth Magic
   963 | D:2      | Reached skill level 1 in Poison Magic
  1180 | D:2      | Found a radiant altar of Vehumet.
  1507 | D:2      | Reached XP level 5. HP: 40/40 MP: 8/12
  1525 | D:2      | Learned a level 4 spell: Ice Form
  1656 | D:2      | Noticed Robin
  1663 | D:2      | Killed Robin
  2437 | D:3      | Found a shimmering altar of Xom.
  2437 | D:3      | Found a shimmering altar of Xom.
  2438 | D:3      | Found a shimmering altar of Xom.
  2438 | D:3      | Found a shimmering altar of Xom.
  2441 | D:3      | Found a shimmering altar of Xom.
  2441 | D:3      | Found a shimmering altar of Xom.
  2442 | D:3      | Found a shimmering altar of Xom.
  2624 | D:3      | Noticed Sigmund
  2631 | D:3      | Killed Sigmund
  2632 | D:3      | Reached skill level 5 in Dodging
  2632 | D:3      | Reached XP level 6. HP: 47/47 MP: 10/14
  3243 | D:4      | Reached XP level 7. HP: 22/52 MP: 15/15
  3504 | D:4      | Got a smoking jade ring
  3675 | D:4      | Reached skill level 7 in Unarmed Combat
  3863 | D:4      | Gained mutation: Your magical capacity is low. (-10% MP)
                  | [potion of mutation]
  3863 | D:4      | Gained mutation: You can translocate small distances at
                  | will. [potion of mutation]
  3863 | D:4      | Gained mutation: You possess an exceptional clarity of
                  | mind. [potion of mutation]
  3863 | D:4      | Gained mutation: You have a pair of small horns on your
                  | head. [potion of mutation]
  5103 | D:5      | Entered Level 5 of the Dungeon
  5116 | D:5      | Identified the ring of Spontaneous Combustion {rElec rF++
                  | rN+ Str+2} (You found it on level 4 of the Dungeon)
  5191 | D:5      | Found a sand-covered staircase.
  5196 | Ossuary  | Entered an ossuary
  5316 | Ossuary  | Reached XP level 8. HP: 39/60 MP: 11/15
  5819 | D:5      | Noticed Blork the orc
  5826 | D:5      | Killed Blork the orc
  6182 | D:5      | Found a shimmering altar of Xom.
  6184 | D:5      | Found a basalt altar of Yredelemnul.
  6185 | D:5      | Found a burning altar of Makhleb.
  6463 | D:5      | Found Bepomasa's Antique Weapon Shoppe.
  7438 | D:6      | Reached XP level 9. HP: 54/66 MP: 13/16
  7547 | D:6      | Reached skill level 5 in Transmutations
  7758 | D:6      | Learned a level 5 spell: Blade Hands
  7981 | D:6      | Found a blossoming altar of Fedhas.
  8535 | D:6      | Found a staircase to the Ecumenical Temple.
  8543 | Temple   | Entered the Ecumenical Temple
  8742 | Temple   | Became a worshipper of Ashenzari the Shackled
  8764 | D:6      | Identified the +6 spear "Woyguet" {drain, +Blink rElec
                  | rPois Will-}
  9210 | D:7      | Reached skill level 5 in Fighting
  9552 | D:7      | Reached skill level 8 in Unarmed Combat
  9688 | D:7      | Reached skill level 5 in Invocations
  9941 | D:7      | Noticed Duvessa
  9943 | D:7      | Noticed Dowan
  9945 | D:7      | Killed Duvessa
  9946 | D:7      | Reached XP level 10. HP: 74/74 MP: 12/18
  9952 | D:7      | Killed Dowan
 10474 | D:8      | Reached skill level 5 in Short Blades
 10474 | D:8      | Reached skill level 5 in Long Blades
 10474 | D:8      | Reached skill level 5 in Axes
 10474 | D:8      | Reached skill level 5 in Maces & Flails
 10474 | D:8      | Reached skill level 5 in Polearms
 10474 | D:8      | Reached skill level 5 in Staves
 10474 | D:8      | Reached skill level 5 in Slings
 10474 | D:8      | Reached skill level 5 in Bows
 10474 | D:8      | Reached skill level 5 in Crossbows
 10474 | D:8      | Reached skill level 5 in Throwing
 10474 | D:8      | Reached skill level 5 in Armour
 10474 | D:8      | Reached skill level 5 in Stealth
 10474 | D:8      | Reached skill level 5 in Shields
 10474 | D:8      | Reached skill level 5 in Evocations
 10625 | D:8      | Identified the +1 leather armour of Hide-and-Seek {Str+4
                  | Dex+2}
 10857 | D:8      | Found Haevych's Book Shoppe.
 10873 | D:8      | Bought a book of Minor Magic for 200 gold pieces
 10877 | D:8      | Learned a level 3 spell: Mephitic Cloud
 10942 | D:8      | Reached * piety under Ashenzari
 11058 | D:8      | Found a hide-covered altar of Uskayaw.
 11224 | D:9      | Found a glowing golden altar of the Shining One.
 11347 | D:9      | Found a staircase to the Lair.
 12040 | D:10     | Entered Level 10 of the Dungeon
 12469 | D:10     | Noticed a cyan ugly thing
 12484 | D:10     | Killed a cyan ugly thing
 12743 | D:10     | Noticed a two-headed ogre
 12752 | D:10     | Killed a two-headed ogre
 12908 | D:10     | HP: 1/77 [something (7)]
 12910 | D:10     | Killed an unseen horror
 12911 | D:10     | Reached XP level 11. HP: 1/83 MP: 13/20
 13497 | Lair:1   | Entered Level 1 of the Lair of Beasts
 13499 | Lair:1   | Noticed a six-headed hydra
 13510 | Lair:1   | Reached skill level 9 in Unarmed Combat
 13514 | Lair:1   | HP: 2/99 [six-headed hydra (3)]
 13515 | Lair:1   | Mangled by a six-headed hydra

Illustrated notes

Levels and vault maps discovered:
D:1:      minmay_arrival_radiant_lines, layout_rooms, minmay_domino_2
D:2:      minmay_roachtagon, layout_basic, general_overflow_altar, uniq_jessica,
          uniq_robin
D:3:      layout_loops_ring, minmay_misc_feat_tiny, xom_redecorated,
          uniq_sigmund
D:4:      layout_layer_cave, sigmund_army
D:5:      layout_basic, grunt_temple_overflow_open, cheibrodos_sewer_entry_bend,
          serial_shops, shop, nicolae_ossuary_entry_plus, chequers_mini_garden,
          lemuel_flame_loot_1, uniq_blork_the_orc
D:6:      layout_cave_pods, minmay_temple_entry_overgrown,
          fedhas_bush_and_centaur_altar
D:7:      layout_loops_ring, uniq_duvessa
D:8:      layout_basic, marbit_many_paths, serial_shops, shop_coins
D:9:      layout_basic, tso_metal_star, lair_entry_dummy
D:10:     layout_loops_ring
Temple:   eino_temple_scatter_basement
Lair:1:   dpeg_oklob_gauntlet, layout_cave_pods, minivault_26,
          grunt_megastairs_2, serial_bayou_shore_a

Skill      XL: |  1  2  3  4  5  6  7  8  9 10 11 |
---------------+----------------------------------+-----
Spellcasting   | 5 6 7 |  7.9
Invocations    | 1 2 3 4 5 6 |  6.5
Short Blades   | 1 2 3 4 5 6 |  6.0
Long Blades    | 1 2 3 4 5 6 |  6.0
Axes           | 1 2 3 4 5 6 |  6.0
Maces & Flails | 1 2 3 4 5 6 |  6.0
Polearms       | 1 2 3 4 5 6 |  6.0
Staves         | 1 2 3 4 5 6 |  6.0
Slings         | 1 2 3 4 5 6 |  6.0
Bows           | 1 2 3 4 5 6 |  6.0
Crossbows      | 1 2 3 4 5 6 |  6.0
Throwing       | 1 2 3 4 5 6 |  6.0
Armour         | 1 2 3 4 5 6 |  6.0
Stealth        | 1 2 3 4 5 6 |  6.0
Shields        | 1 2 3 4 5 6 |  6.0
Evocations     | 1 2 3 4 5 6 |  6.0
Conjurations   | 1 2 3 4 |  4.9
Hexes          | 1 2 3 4 |  4.9
Summonings     | 1 2 3 4 |  4.9
Necromancy     | 1 2 3 4 |  4.9
Translocations | 1 2 3 4 |  4.9
Fire Magic     | 1 2 3 4 |  4.9
Ice Magic      | 1 2 3 4 |  4.9
Air Magic      | 1 2 3 4 |  4.9
Earth Magic    | 1 2 3 4 |  4.9
Poison Magic   | 1 2 3 4 |  4.9
Fighting       | 3 4 5 6 |  6.6
Transmutations | 4 5 6 |  6.3
Dodging        | 5 6 7 |  7.6
Unarmed Combat | 7 8 9 |  9.0

Action                   |  1- 3 |  4- 6 |  7- 9 | 10-12 || total
-------------------------+-------+-------+-------+-------++-------
Melee: Unarmed           |    86 |   185 |   421 |   164 ||   856
       Kick              |    14 |     1 |       |       ||    15
       Headbutt          |     9 |     2 |    21 |    18 ||    50
       Bite              |     5 |     4 |    18 |    10 ||    37
       Punch             |     3 |     2 |     5 |     5 ||    15
Throw: Stone             |       |       |     1 |       ||     1
 Cast: Beastly Appendage |    15 |     2 |       |       ||    17
       Spider Form       |       |    22 |    36 |     7 ||    65
       Ice Form          |       |       |     6 |     1 ||     7
       Blade Hands       |       |       |     3 |    15 ||    18
Invok: Curse Item        |       |       |     2 |     3 ||     5
 Abil: End Transformatio |       |     1 |     2 |       ||     3
Evoke: Wand              |       |       |       |     3 ||     3
  Use: Scroll            |       |       |    15 |       ||    15
       Potion            |       |       |     2 |     1 ||     3
 Stab: Sleeping          |     1 |     6 |     8 |     2 ||    17
       Distracted        |       |       |     1 |       ||     1
Armor: Robe              |    25 |    16 |       |       ||    41
       Skin              |       |     7 |    12 |    10 ||    29
       Leather armour    |       |     8 |    33 |    39 ||    80
Dodge: Dodged            |    62 |   130 |   302 |   111 ||   605

Table legend: (Time is in decaauts)
 A = Elapsed time spent in this place.
 B = Non-inter-level travel time spent in this place.
 C = Inter-level travel time spent in this place.
 D = Time resting spent in this place.
 E = Time spent auto-exploring this place.
 F = Levels seen in this place.
 G = Mean time per level.
                   A        B        C        D        E       F      G
               +--------+--------+--------+--------+--------+-----+--------+
         Total |  13402 |  12919 |    483 |    302 |  10415 |  13 | 1030.9 |
       Dungeon |  12617 |  12147 |    470 |    129 |   9966 |  10 | 1261.7 |
        Temple |    210 |    197 |     13 |      0 |    195 |   1 |  210.0 |
          Lair |     17 |     17 |      0 |      0 |      0 |   1 |   17.0 |
       Ossuary |    557 |    557 |      0 |    173 |    254 |   1 |  557.0 |
               +--------+--------+--------+--------+--------+-----+--------+

Top non-repeatable levels by time:
     D:4: 2033 daAuts
     D:5: 1771 daAuts
     D:2: 1435 daAuts
     D:6: 1389 daAuts
    D:10: 1383 daAuts
     D:7: 1369 daAuts
     D:9: 988 daAuts
     D:3: 886 daAuts
     D:1: 705 daAuts
     D:8: 654 daAuts
 Ossuary: 557 daAuts
  Temple: 210 daAuts
  Lair:1: 17 daAuts
